← All builds
Pond / Armada / Economy first / OBSERVED BUILD

Standard pond

Armada Pond build order · Supreme Isthmus

Pond's usual economy-first play: Bot Lab around 5:35, boosting the fronts with tidal/wind, then Advanced Metal Extractor and T1 units to help front.

#eco #team support · 491 distinct matches · 109 players · 59% of Armada Pond games · team won 49% of 559 · Recently observed

HOW TO PLAY IT

Key timing: Bot Lab by 5:42

  1. Open tidal, then wind to start boosting front's economy.
  2. Take mex and keep boosting wind or tidal depending on front's needs.
  3. Get a Bot Lab up, start sending Tick and Pawn to front.
  4. Add Advanced Metal Extractor to scale up team's economy.
  5. Switch to tick spam if enemy reaches T2 front before you do.

Phase by phase

TYPICAL OF ITS 491 GAMES
  1. 1
  2. 2
PLAY THE OPENING

Follow the example game's first 6:00 step by step: what to build now, what comes next, and where it goes. At 1× it keeps pace with your own game.

  1. 1

    Up to the Bot Lab

    Economy
    • Metal Extractor4Mex
    • Wind Turbine10Wind
    • Tidal Generator8Tidalfor allies
    • Tidal Generator1Tidal
    • Energy Storage1Energy storage
    Order
    1. Bot LabBot Lab after 4 mex, 10 wind, 1 energy storagedone ~5:35, middle half 3:31–7:01

    Some games also: converter (45%)

    By 5:05 in all: 4 mex · 10 wind · 1 tidal · 1 energy storage

    The example game in this phase · 5 steps
    1. Tidal ×8for Suicide front
    2. Tidal ×2
    3. Mex ×4
    4. Wind ×3
    5. Bot LabBot Labdone 3:14 · typical 5:35
  2. 2

    Bot Lab to 10:00

    Economy
    • Wind Turbine16Wind
    Builders
    • Construction Turret1 Con turret
    • Construction Bot2 Con bot
    Army
    • Tick1 Tick

    Some games also: Lazarus (47%) · converter (45%)

    By 10:00 in all: 4 mex · 31 wind · 1 tidal · 5 converter · 1 energy storage · 2 con turret

    The example game in this phase · 66 steps
    1. LazarusLazarus
    2. Construction BotCon bot
    3. Wind
    4. TickTick
    5. Construction BotCon bot
    6. Wind ×3
    7. Con turret
    8. Wind ×5
    9. Converter
    10. Wind
    11. Converter ×3
    12. Energy storage
    13. Advanced Metal ExtractorT2 mexdone 7:24 · typical 9:54
    14. SentrySentry
    15. Advanced Metal ExtractorT2 mex
    16. Radar TowerRadar Tower
    17. Advanced Metal ExtractorT2 mex ×2
    18. Mex
    19. Vehicle PlantVehicle Plant ×2done 9:34
    20. Con turret ×2
    21. BlitzBlitz ×2
    22. Con turret
    23. Fusion ReactorFusiondone 12:08
    24. BlitzBlitz ×2
    25. Wind
    26. BlitzBlitz
    27. Wind
    28. BlitzBlitz
    29. Wind
    30. BlitzBlitz
    31. Wind
    32. BlitzBlitz ×2
    33. Wind
    34. BlitzBlitz ×2
    35. Wind
    36. CitadelAnti-nukedone 13:50
    37. BlitzBlitz ×2
    38. Wind
    39. BlitzBlitz ×3
    40. Wind
    41. BlitzBlitz
    42. Fusion ReactorFusion
    43. BlitzBlitz
    44. Wind
    45. BlitzBlitz
    46. Wind
    47. BlitzBlitz ×2
    48. Wind
    49. BlitzBlitz
    50. Wind
    51. BlitzBlitz ×3
    52. Wind
    53. BlitzBlitz ×2
    54. Wind
    55. BlitzBlitz
    56. StoutStout ×2
    57. T2 converter
    58. Wind ×3
    59. StoutStout ×2
    60. Wind ×2
    61. StoutStout ×2
    62. Wind
    63. StoutStout
    64. Wind
    65. Con turret ×2
    66. StoutStout ×2

Counts are medians over the build's games: half of them build more, half fewer. The example game is C0np0c's (35 OS, 14/09/2026); pick another.

Team trades

IN AT LEAST 30% OF ITS GAMES

You hand over

  • Tidal Generator8 Tidal to Suicide front or Frontfirst at 0:10 · in 90% of games

You get

  • Hercules1 Light transport from Air or Techfirst at 4:26 · in 30% of games
  • Hephaestus1 Heavy transport from Air or Techfirst at 4:43 · in 38% of games
  • Fatboy1 Fatboy from Techfirst at 5:03 · in 40% of games
  • Sharpshooter2 Sniper bot from Techfirst at 5:16 · in 42% of games
  • Advanced Construction Bot1 T2 con bot from Techfirst at 8:17 · in 92% of games

How it plays out

Typical game of this build, running totals by minute

Metal produced

010k20k
0:005:0010:0015:00

metal

Enemy metal destroyed

02k4k6k
0:005:0010:0015:00

metal

Own metal lost

02k4k
0:005:0010:0015:00

metal

559 games.

Show as table
ByMetal produced: This buildEnemy metal destroyed: This buildOwn metal lost: This build
1:0011500
2:0027300
3:0082000
4:00151000
5:00223100
6:00298400
7:0038504540
8:0047571237138
9:0057191963370
10:0069182763714
11:00841732701149
12:001038635791578
13:001269541841940
14:001506647452417
15:001770253143015
WHAT THE NUMBERS SAY

This is the role's standard support job, winning slightly under half its games while contributing modest kills for modest losses.

  • + Keeps own losses fairly low relative to kills (2827 destroyed vs 756 lost by 10:00).
  • + Reaches T2 constructor reliably (89% of games) by 8:10.
  • − Metal production trails other roles at 6855 by 10:00.
  • − No kills registered by 5:00, slow to impact the fight.
THE EXAMPLE YOU ARE READING

C0np0c

35.4 OS · 14/09/2026

Open source match ↗

3 received units · includes a constructor
257 metal received · 27824 energy received

Allied construction assistance is unknown. Timings are observations, not a promise of solo reproducibility.

Typical milestones

Bot Lab5:35Middle 50%: 3:31–7:01 · n=502
Advanced Metal Extractor9:54Middle 50%: 8:59–10:38 · n=507

Played most by

Viltrum45games of this buildTeaner39games of this buildUsurpeR28games of this buildzeus_on_god23games of this buildRogShotz20games of this build